 Dungeon Crawl Stone Soup version 0.29-a0-409-gd843f3a48c (webtiles) character file.

Game seed: 5589665365689509269

60 sammy202020 the Skirmisher (level 3, 0/34 HPs)
             Began as a Minotaur Fighter on May 13, 2022.
             Slain by a gnoll
             ... wielding a +0 halberd
              (9 damage)
             ... on level 3 of the Dungeon.
             The game lasted 00:01:49 (1384 turns).

sammy202020 the Skirmisher (Minotaur Fighter)       Turns: 1384, Time: 00:01:49

Health: 0/34       AC:  9    Str: 20    XL:     3   Next: 80%
Magic:  0/2        EV:  7    Int:  7    God:
Gold:   225        SH:  5    Dex:  9    Spells: 2/2 levels left

rFire   . . .      SeeInvis .   a - +0 war axe
rCold   . . .      Faith    .   c - +1 buckler
rNeg    . . .      Spirit   +   i - +0 chain mail
rPois   .          Reflect  .   (helmet restricted)
rElec   .          Harm     .   (no cloak)
rCorr   .          Rampage  .   (no gloves)
Will    .....                   (no boots)
Stlth   ..........              k - amulet of guardian spirit
HPRegen 0.11/turn               g - ring of flight
MPRegen 0.08/turn               (no ring)

@: mighty, flying
A: horns 2, retaliatory headbutt
a: no special abilities


You were on level 3 of the Dungeon.
You visited 1 branch of the dungeon, and saw 3 of its levels.

You collected 225 gold pieces.

Inventory:

Hand Weapons
 a - a +0 war axe (weapon)
Armour
 c - a +1 buckler (worn)
 i - a +0 chain mail (worn)
Jewellery
 g - a ring of flight (left hand)
 k - an amulet of guardian spirit (around neck)
Wands
 f - a wand of paralysis (6)
Scrolls
 b - a scroll of teleportation
Potions
 e - 2 potions of heal wounds {unknown}
 h - a potion of curing {unknown}
 j - a potion of ambrosia {unknown}
 l - a potion of lignification {unknown}


   Skills:
 * Level 4.3 Fighting
 * Level 3.4 Axes
 + Level 4.0 Armour
 + Level 1.0 Dodging
 + Level 4.0 Shields


You had 2 spell levels left.
You didn't know any spells.
Your spell library contained the following spells:

 Spells                   Type           Power      Damage    Failure   Level
 Freeze                   Ice            0%         1d3       99%         1
 Frozen Ramparts          Ice            0%         1d2       100%        3
 Portal Projectile        Hex/Tloc       0%         N/A       100%        3
 Tukima's Dance           Hex            0%         N/A       100%        3
 Anguish                  Hex/Necr       0%         N/A       100%        4
 Hailstorm                Conj/Ice       0%         3d3       100%        4
 Blade Hands              Tmut           0%         N/A       100%        5
 Excruciating Wounds      Necr           0%         N/A       100%        5
 Irradiate                Conj/Tmut      0%         3d13      100%        5
 Dragon Form              Tmut           0%         N/A       100%        7
 Enfeeble                 Hex            0%         N/A       100%        7


Dungeon Overview and Level Annotations

Branches:
Dungeon (3/15)

Altars:
Cheibriados


Innate Abilities, Weirdness & Mutations

You have a pair of horns on your head.
You reflexively headbutt those who attack you in melee.


Message History

The gnoll is severely wounded.
A frilled lizard comes into view.
The gnoll hits you but does no damage.
You closely miss the gnoll.
The frilled lizard hisses angrily.
You headbutt the gnoll!
The gnoll is severely wounded.
The gnoll hits you with a +0 whip.
You hit the gnoll.
You kill the gnoll!
A ball python comes into view.
Your Shields skill increases to level 4!
You closely miss the gnoll. Your headbutt misses the gnoll.
The gnoll hits you but does no damage.
The gnoll hits you from afar with a +0 halberd.
The gnoll hits you with a +0 whip.
The gnoll hits you from afar with a +0 halberd.
You completely miss the gnoll. The gnoll hits you but does no damage.
The gnoll hits you from afar with a +0 halberd!
You are too injured to fight recklessly!
You are too injured to fight recklessly!
You are too injured to fight recklessly!
You are too injured to fight recklessly!
You are too injured to fight recklessly!
You are too injured to fight recklessly!
You are too injured to fight recklessly!
You are too injured to fight recklessly!
You are too injured to fight recklessly!
You are too injured to fight recklessly!
You are too injured to fight recklessly!
You are too injured to fight recklessly!
You are too injured to fight recklessly!
You are too injured to fight recklessly!
You are too injured to fight recklessly!
Unknown command.
You feel very mighty all of a sudden. The gnoll hits you with a +0 whip.
* * * LOW HITPOINT WARNING * * *
The gnoll hits you from afar with a +0 halberd!
You die...

####
##.<#
#...#
#@.##
#....g###
.....Sg
....8.r
.....$.
##.....
+#...#
#...


You could see 2 gnolls, a ball python and a rat.

Vanquished Creatures
  A gnoll (D:3)
  2 adders (D:2)
  A dart slug (D:1)
  2 ball pythons
  2 bats
  An endoplasm (D:2)
  3 giant cockroaches
  3 goblins
  3 hobgoblins (D:2)
  2 kobolds (D:2)
  2 quokkas
  5 frilled lizards
  2 rats
29 creatures vanquished.

Notes
Turn   | Place    | Note
-------+----------+-------------------------------------------
     0 | D:1      | sammy202020 the Minotaur Fighter began the quest for the
                  | Orb.
     0 | D:1      | Reached XP level 1. HP: 19/19 MP: 0/0
   199 | D:1      | Found a faded altar of an unknown god.
   281 | D:1      | Reached XP level 2. HP: 26/27 MP: 1/1
   790 | D:2      | Found a snail-covered altar of Cheibriados.
   937 | D:2      | Reached XP level 3. HP: 33/33 MP: 2/2
  1142 | D:2      | Reached skill level 1 in Dodging
  1384 | D:3      | Slain by a gnoll

Illustrated notes

Levels and vault maps discovered:
D:1:      dpeg_arrival_arbitrary_c, layout_rooms, basic_ecumenical_altar
D:2:      layout_basic, basic_altar
D:3:      layout_loops_ring, grunt_decor_one_mirror, grunt_ministairs_6

Skill      XL: |  1  2  3 |
---------------+----------+-----
Fighting       | 4 |  4.3
Axes           | 3 |  3.4
Dodging        | 1 |  1.0
Armour         | 4 |  4.0
Shields        | 4 |  4.0

Action                   || total
-------------------------++-------
Melee: War axe           ||    72
       Headbutt          ||    10
  Use: Scroll            ||     6
       Potion            ||     1
Armor: Scale mail        ||    19
       Chain mail        ||    24
Dodge: Dodged            ||    23
Block: Buckler           ||    19

Table legend: (Time is in decaauts)
 A = Elapsed time spent in this place.
 B = Non-inter-level travel time spent in this place.
 C = Inter-level travel time spent in this place.
 D = Time resting spent in this place.
 E = Time spent auto-exploring this place.
 F = Levels seen in this place.
 G = Mean time per level.
                   A        B        C        D        E       F      G
               +--------+--------+--------+--------+--------+-----+--------+
         Total |   1410 |   1410 |      0 |      4 |   1142 |   3 |  470.0 |
       Dungeon |   1410 |   1410 |      0 |      4 |   1142 |   3 |  470.0 |
               +--------+--------+--------+--------+--------+-----+--------+

Top non-repeatable levels by time:
     D:2: 768 daAuts
     D:1: 624 daAuts
     D:3: 17 daAuts
